 Dungeon Crawl Stone Soup version 0.30.1-11-g7821555f0a (webtiles) character file.

Game seed: 12170131087698372316

341 comborobin the Cleaver (level 6, -4/51 HPs)
             Began as a Minotaur Delver on Nov 16, 2023.
             Slain by Pikel
             ... wielding a +0 whip of flaming
              (10 damage)
             ... on level 5 of the Dungeon.
             The game lasted 00:01:50 (1841 turns).

comborobin the Cleaver (Minotaur Delver)            Turns: 1841, Time: 00:01:50

Health: -4/51      AC:  4    Str: 16    XL:     6   Next: 30%
Magic:  5/5        EV: 12    Int:  7    God:
Gold:   127        SH:  0    Dex: 14    Spells: 5/5 levels left

rFire   . . .        j - +0 war axe
rCold   . . .        (no shield)
rNeg    . . .        b - +1 leather armour
rPois   .            (helmet restricted)
rElec   .            (no cloak)
rCorr   .            (no gloves)
SInv    .            (no boots)
Will    .....        (no amulet)
Stlth   ++           (no ring)
HPRegen 0.28/turn    (no ring)
MPRegen 0.09/turn

%: no passive effects
@: no status effects
A: horns 2, retaliatory headbutt
a: no special abilities


You were on level 5 of the Dungeon.
You visited 1 branch of the dungeon, and saw 3 of its levels.

You collected 127 gold pieces.

Inventory:

Hand Weapons
 a - a +0 hand axe
 f - a +0 halberd
 i - a +0 long sword
 j - a +0 war axe (weapon)
 k - a +1 mace of protection
Armour
 b - a +1 leather armour (worn)
 n - a +0 chain mail
Wands
 g - a wand of digging (3)
Scrolls
 c - a scroll of fog
 d - a scroll of magic mapping
 e - a scroll of fear
 h - a scroll of amnesia {unknown}
 l - a scroll of teleportation {unknown}
 m - a scroll of enchant weapon {unknown}


   Skills:
 - Level 3.6 Fighting
 + Level 8.1 Axes
 - Level 2.1 Dodging
 - Level 4.1 Stealth


You had 5 spell levels left.
You didn't know any spells.
Your spell library was empty.

Dungeon Overview and Level Annotations

Branches:
Dungeon (6/15)
 Temple: D:4-7

Altars:
Uskayaw

Shops:
D:4 !(

Annotations:
D:5 Pikel


Innate Abilities, Weirdness & Mutations

You have a pair of horns on your head.
You reflexively headbutt those who attack you in melee.


Message History

Pikel barely misses you.
You slash Pikel! You headbutt Pikel, but do no damage.
Pikel is moderately wounded.
Pikel hits you with a +0 whip of flaming!
Pikel burns you.
You hit Pikel but do no damage. Your punch misses Pikel.
Pikel is moderately wounded.
Pikel hits you with a +0 whip of flaming.
* * * LOW HITPOINT WARNING * * *
Pikel burns you.
* * * LOW HITPOINT WARNING * * *
You miss Pikel. You headbutt Pikel.
Pikel is heavily wounded.
Pikel hits you but does no damage.
You slash Pikel!
Pikel is severely wounded.
Pikel barely misses you. Pikel closely misses you.
You hit Pikel but do no damage.
Pikel is severely wounded.
Pikel hits you with a +0 whip of flaming.
* * * LOW HITPOINT WARNING * * *
Pikel burns you.
* * * LOW HITPOINT WARNING * * *
You barely miss Pikel.
Pikel is severely wounded.
Pikel waves his whip at you.
Pikel hits you with a +0 whip of flaming.
* * * LOW HITPOINT WARNING * * *
Pikel burns you.
* * * LOW HITPOINT WARNING * * *
You barely miss Pikel.
Pikel is severely wounded.
Pikel closely misses you.
You barely miss Pikel.
Pikel is severely wounded.
Pikel closely misses you.
You closely miss Pikel. You headbutt Pikel, but do no damage.
Pikel is heavily wounded.
Pikel hits you with a +0 whip of flaming!
You die...

#.#..##.######.#
###..###.........#
#.........#####...
#.#####...# #....
#.# #...#####...
#.# #....>.###..
#.# #..###.###..
#K#####..# #...)..
#@)......#######.#
########.........#
###########


You could see Pikel.

Vanquished Creatures
  A black bear (D:5)
  2 scorpions (D:5)
  A gnoll bouda (D:5)
  An iguana (D:5)
  An orc wizard (D:5)
  2 adders (D:5)
  3 gnolls
  6 orcs
  2 goblins (D:4)
  3 hobgoblins (D:4)
22 creatures vanquished.

Notes
Turn   | Place    | Note
-------+----------+-------------------------------------------
     0 | D:5      | comborobin the Minotaur Delver began the quest for the Orb.
     0 | D:5      | Reached XP level 1. HP: 19/19 MP: 0/0
    57 | D:5      | Noticed an iguana
    63 | D:5      | Killed an iguana
    64 | D:5      | Reached skill level 4 in Axes
    64 | D:5      | Reached XP level 2. HP: 22/26 MP: 1/1
   148 | D:5      | Found a hide-covered altar of Uskayaw.
   387 | D:5      | Reached XP level 3. HP: 14/31 MP: 2/2
   586 | D:5      | Noticed a scorpion
   599 | D:5      | Killed a scorpion
   600 | D:5      | Reached skill level 5 in Axes
   600 | D:5      | Reached XP level 4. HP: 24/39 MP: 3/3
   881 | D:5      | Noticed a black bear
   882 | D:5      | Noticed a scorpion
   886 | D:5      | Killed a scorpion
   887 | D:5      | Reached skill level 6 in Axes
   887 | D:5      | Reached XP level 5. HP: 45/45 MP: 4/4
   916 | D:5      | Killed a black bear
   917 | D:5      | Reached skill level 7 in Axes
  1153 | D:5      | Reached XP level 6. HP: 35/51 MP: 5/5
  1476 | D:4      | Found Wiekkaet's Antique Weapon Emporium.
  1498 | D:4      | Found Orhuebag's Distillery.
  1587 | D:5      | Reached skill level 8 in Axes
  1816 | D:4      | Noticed Pikel
  1841 | D:5      | Slain by Pikel

Illustrated notes

Levels and vault maps discovered:
D:4:      minmay_skewed_foursquare, layout_basic, serial_curves, eino_curves_03,
          eino_curves_04, eino_curves_04, serial_shops, kennysheep_mini, shop,
          nicolae_square_shop, uniq_natasha, uniq_pikel
D:5:      layout_loops_corners, nicolae_uskayaw_dance_hall
D:6:      layout_gridville, elyvilon_altar_3, nicolae_grassy_gnolls

Skill      XL: |  1  2  3  4  5  6 |
---------------+-------------------+-----
Axes           | 4 5 6 7 8 |  8.1
Fighting       | |  3.6
Dodging        | |  2.1
Stealth        | |  4.1

Action                     |  1- 3 |  4- 6 || total
---------------------------+-------+-------++-------
  Melee: Hand axe          |     3 |       ||     3
         Headbutt          |     1 |    15 ||    16
         War axe           |    13 |    64 ||    77
         Punch             |       |     1 ||     1
    Use: Scroll            |     1 |       ||     1
         Potion            |       |     1 ||     1
   Stab: Sleeping          |     1 |     2 ||     3
 Armour: Leather armour    |     5 |    12 ||    17
  Dodge: Dodged            |    11 |    49 ||    60
